 Dungeon Crawl Stone Soup version 0.30.1-9-gdf580d7c3d (webtiles) character file.

Game seed: 249636461470235499

186706 Peloso the Hoplite (level 17, -4/164 HPs)
             Began as a Minotaur Fighter on Oct 2, 2023.
             Was the Champion of Okawaru.
             Killed from afar by a deep elf sorcerer (42 damage)
             ... with damnation
             ... on level 3 of the Elven Halls.
             The game lasted 01:19:11 (27274 turns).

Peloso the Hoplite (Minotaur Fighter)              Turns: 27274, Time: 01:19:11

Health: -4/164     AC: 34    Str: 20    XL:     17   Next: 85%
Magic:  17/17      EV:  8    Int:  8    God:    Okawaru [******]
Gold:   2772       SH: 31    Dex: 19    Spells: 16/16 levels left

rFire   + + +        b - +8 demon blade "Cixept" {elec, rF++ Str-4 Dex+2}
rCold   + + .        d - +1 tower shield {reflect}
rNeg    . . .        V - +2 crystal plate armour {rC+}
rPois   +            N - +1 hat {Will+}
rElec   .            x - +0 cloak of Hospitality {rPois Will+ Int+3}
rCorr   .            J - +2 pair of gloves of Fun and Games {Dex+2 Stlth+}
SInv    +            (no boots)
Will    +++++        R - amulet "Yduiheza" {rF+ Will+ Regen+ Slay+4} Stlth
                     D - ring of the Octopus King {rF+ HP+2 AC+2 EV+2 SH+2}
HPRegen 1.27/turn    P - ring of Liberalism {Wiz rC+ SInv}
MPRegen 0.15/turn

%: reflection, wizardry (x1)
@: studying Ice Magic
A: horns 2, retaliatory headbutt, large bone plates 1, strong-willed 1, poison
resistance
a: Renounce Religion, Heroism, Finesse, Duel


You were on level 3 of the Elven Halls.
You worshipped Okawaru.
Okawaru was exalted by your worship.
You visited 6 branches of the dungeon, and saw 27 of its levels.
You also visited: Ice Cave.

You collected 3175 gold pieces.
You spent 403 gold pieces at shops.

Inventory:

Hand Weapons
 a - a +1 antimagic double sword
 b - the +8 demon blade "Cixept" (weapon) {elec, rF++ Str-4 Dex+2}
   (Okawaru gifted it to you on level 5 of the Lair of Beasts)

   Str:       It affects your strength (-4).
   Dex:       It affects your dexterity (+2).
   rF:        It greatly protects you from fire.
 c - the +10 scimitar of Citzatar {holy, rPois Int+3 Dex+2}
   (You found it on level 2 of the Snake Pit)

   Int:       It affects your intelligence (+3).
   Dex:       It affects your dexterity (+2).
   rPois:     It protects you from poison.
 t - a +3 scimitar of flaming
Armour
 d - a +1 tower shield of reflection (worn)
 e - a +1 cloak of cold resistance
 x - the +0 cloak of Hospitality (worn) {rPois Will+ Int+3}
   (Okawaru gifted it to you on level 2 of the Elven Halls)

   Int:       It affects your intelligence (+3).
   rPois:     It protects you from poison.
   Will:      It increases your willpower.
 J - the +2 pair of gloves of Fun and Games (worn) {Dex+2 Stlth+}
   (Okawaru gifted it to you on level 4 of the Lair of Beasts)

   Dex:       It affects your dexterity (+2).
   Stlth:     It makes you more stealthy.
 N - a +1 hat of willpower (worn)
 V - a +2 crystal plate armour of cold resistance (worn)
Jewellery
 g - a ring of resist corrosion
 k - the ring of Isod {Wiz Fly}
   (You found it in an ice cave)

   [ring of wizardry]

   It improves your spell success rate.
   Fly:       It grants you flight.
 o - a +6 ring of dexterity
 q - an amulet of faith
 u - a +5 ring of evasion
 v - a ring of see invisible
 D - a ring of the Octopus King (left hand) {rF+ HP+2 AC+2 EV+2 SH+2}
   (You found it on level 6 of the Dungeon)

   [ring of protection from fire]

   AC:        It affects your AC (+2).
   EV:        It affects your evasion (+2).
   rF:        It protects you from fire.
   HP:        It affects your health (+2).
   SH:        It affects your SH (+2).
 O - the ring of Suicidal Tendencies {Will+ Str+3}
   (You took it off a centaur warrior on level 10 of the Dungeon)

   [ring of willpower]

   Str:       It affects your strength (+3).
   Will:      It increases your willpower.
 P - the ring of Liberalism (right hand) {Wiz rC+ SInv}
   (You found it on level 10 of the Dungeon)

   [ring of wizardry]

   It improves your spell success rate.
   rC:        It protects you from cold.
   SInv:      It lets you see invisible.
 R - the amulet "Yduiheza" (around neck) {rF+ Will+ Regen+ Slay+4}
   (You found it on level 11 of the Dungeon)

   [amulet of regeneration]

   Slay:      It affects your accuracy & damage with ranged weapons and melee
   (+4).
   rF:        It protects you from fire.
   Regen:     It increases your rate of health regeneration.
   Will:      It increases your willpower.
 Z - a ring of positive energy
Wands
 f - a wand of polymorph (11)
 m - a wand of iceblast (8)
 z - a wand of flame (11)
Scrolls
 l - 2 scrolls of enchant armour
 r - 4 scrolls of identify
 y - a scroll of acquirement
 C - a scroll of fear
 G - 9 scrolls of immolation
 M - 3 scrolls of magic mapping
 S - 6 scrolls of teleportation
 T - 2 scrolls of poison
Potions
 h - 3 potions of invisibility
 i - 6 potions of might
 j - 6 potions of berserk rage
 n - a potion of haste
 p - 3 potions of mutation
 s - 6 potions of curing
 w - a potion of resistance {unknown}
 A - 4 potions of lignification
 H - a potion of ambrosia
 Q - a potion of flight


   Skills:
 + Level 17.6 Fighting
 + Level 19.7 Long Blades
 + Level 16.2 Armour
 + Level 4.2 Dodging
 + Level 1.7 Stealth
 + Level 23.7 Shields
 + Level 1.3 Invocations
 + Level 0.8 Evocations


You had 16 spell levels left.
You didn't know any spells.
Your spell library contained the following spells:

 Spells                   Type           Power      Damage    Failure   Level
 Kiss of Death            Conj/Necr      0%         2d5       100%        1
 Magic Dart               Conj           0%         1d3       100%        1
 Necrotise                Necr           0%         1d4       100%        1
 Sandblast                Erth           0%         2d4       100%        1
 Shock                    Conj/Air       0%         1d3       100%        1
 Slow                     Hex            0%         N/A       100%        1
 Ensorcelled Hibernation  Hex/Ice        0%         N/A       100%        2
 Lesser Beckoning         Tloc           0%         N/A       100%        2
 Passwall                 Tmut/Erth      0%         N/A       100%        2
 Poisonous Vapours        Pois/Air       0%         N/A       100%        2
 Searing Ray              Conj           0%         2d4       100%        2
 Confusing Touch          Hex            0%         N/A       100%        3
 Dazzling Flash           Conj/Hex       0%         N/A       100%        3
 Frozen Ramparts          Ice            0%         1d1       100%        3
 Gell's Gravitas          Tloc           0%         N/A       100%        3
 Mephitic Cloud           Conj/Pois/Air  0%         N/A       100%        3
 Spider Form              Tmut/Pois      0%         N/A       100%        3
 Stone Arrow              Conj/Erth      0%         3d7       100%        3
 Teleport Other           Tloc           0%         N/A       100%        3
 Vampiric Draining        Necr           0%         2d6       100%        3
 Vhi's Electric Charge    Tloc/Air       0%         N/A       100%        3
 Volatile Blastmotes      Fire/Tloc      0%         2d10      100%        3
 Anguish                  Hex/Necr       0%         N/A       100%        4
 Dispel Undead            Necr           0%         3d6       100%        4
 Fulminant Prism          Conj/Hex       0%         3d5       100%        4
 Ice Form                 Ice/Tmut       0%         N/A       100%        4
 Iskenderun's Mystic Bla  Conj/Tloc      0%         2d3       100%        4
 Agony                    Necr           0%         N/A       100%        5
 Arcjolt                  Conj/Air       0%         1d10      100%        5
 Blade Hands              Tmut           0%         N/A       100%        5
 Freezing Cloud           Conj/Ice/Air   0%         6-21      100%        5
 Iron Shot                Conj/Erth      0%         9d1       100%        6
 Plasma Beam              Fire/Air       0%         2x1d11    100%        6
 Starburst                Conj/Fire      0%         6d3       100%        6
 Orb of Destruction       Conj           0%         9d5       100%        7
 Maxwell's Capacitive Co  Air            0%         ∞         100%        8
 Fire Storm               Conj/Fire      0%         5d1       100%        9
 Summon Guardian Golem    Hex/Summ       Unusable   N/A       N/A         3
 Animate Armour           Summ/Erth      Unusable   N/A       N/A         4
 Summon Ice Beast         Ice/Summ       Unusable   N/A       N/A         4
 Spellforged Servitor     Conj/Summ      Unusable   N/A       N/A         7

Dungeon Overview and Level Annotations

Branches:
Dungeon (14/15)            Temple (1/1) D:7            Lair (5/5) D:8
  Swamp (0/4) Lair:3        Snake (2/4) Lair:2        Slime (0/5) Lair:5
    Orc (2/2) D:9             Elf (3/3) Orc:2        Vaults (0/5) D:13
  IceCv (visited)

Altars:
Ashenzari
Cheibriados
Dithmenos
Elyvilon
Fedhas
Gozag
Hepliaklqana
Kikubaaqudgha
Makhleb
Nemelex Xobeh
Okawaru
Qazlal
Ru
Sif Muna
Trog
Uskayaw
Vehumet
Wu Jian
Xom
Yredelemnul
Zin
The Shining One
Jiyva
Lugonu

Shops:
D:7 =   D:11 *(   Orc:1 *   Orc:2 *[=*   Elf:2 *   Elf:3 =:==

Portals:
Abyss: Lair:1
Trove: D:14 (give 6 scrolls of fear)

Annotations:
D:10 Casa
D:12 3 runed translucent doors, tykejmi's ghost, journeyman SpBr
Orc:1 2 transporters, Vionku's ghost, journeyman FeTm


Innate Abilities, Weirdness & Mutations

You have a pair of horns on your head.
You reflexively headbutt those who attack you in melee.
You are partially covered in large bone plates. (SH +4)
You are strong-willed. (Will+)
Your system is resistant to poisons. (rPois)


Message History

The deep elf pyromancer blinks!
You hear a shout!
You slice the deep elf elementalist!!
You kill the deep elf elementalist!
Okawaru accepts your kill.
You hear a shout!
Unknown command.
The deep elf demonologist is engulfed in blazing flames.
Things that are here:
a wand of digging (1); 22 gold pieces; a +0 rapier The deep elf sorcerer howls an incantation.
You feel disoriented.
The deep elf sorcerer casts a spell at you.
The bolt of acid hits you but does no damage.
The deep elf sorcerer casts a spell at you.
The sphere of damnation explodes!
The damnation engulfs you!!
You hear a shout! x2
Things that are here:
a +0 leather armour; a +0 longbow The deep elf demonologist mumbles some strange words.
Things that are here:
a +0 longbow; a +0 ring mail; an elf corpse The deep elf sorcerer casts a spell at you.
The sphere of damnation explodes!
The damnation engulfs you!!!
The Executioner gestures.
The Executioner seems to speed up.
The deep elf sorcerer gestures at you while chanting.
The sphere of damnation explodes!
The damnation engulfs you!!!
* * * LOW HITPOINT WARNING * * *
You hear a shout!
As you read the scroll of fear, it crumbles to dust.
You assume a fearsome visage.
The deep elf sorcerer looks frightened!
Unknown command.
Cornered, the deep elf sorcerer turns to fight!
The deep elf sorcerer points at you and mumbles some strange words.
The bolt of acid hits you!!
* * * LOW HITPOINT WARNING * * *
The deep elf sorcerer points at you and mumbles some strange words.
The sphere of damnation explodes!
The damnation engulfs you!!!
You die...

..# #.## ##........##
♣♣♣♣∩♣♣♣ ..###..#
#..........# ♣PP...P.
.......#
#..........##♣P..⌠..P
.......#
#..........'#♣.∩...∩.
.#######
#<........###♣♣..∩..♣
.# ##<......##
♣♣P.P♣♣ .# ##.....##
♣♣♣♣♣ .# ##)..## '###
##@.## ...## ##.###
....## ##.## .....##
##.## ......######e##
....).....#1##
#########..## #)##
#e#


You could see an Executioner (summoned, fast) and a deep elf sorcerer (fast,
empowered).

Vanquished Creatures
  Vashnia (Snake:2)
  Rupert (D:13)
  3 deep elf blademasters
  3 deep elf master archers (Elf:3)
  Gastronok (D:11)
  2 deep elf sorcerers
  A deep elf elementalist (Elf:3)
  A deep elf demonologist (Elf:1)
  3 deep elf annihilators
  A deep elf death mage (Elf:2)
  An ettin (Orc:1)
  A fire dragon (Lair:5)
  Josephine (Lair:3)
  A deep elf high priest (Elf:3)
  9 hydras
  6 vault guards
  An anaconda (Snake:1)
  2 ogre magi
  A centaur warrior (D:10)
  An ice dragon (IceCv)
  Erica (Lair:1)
  3 boulder beetles
  32 dancing weapons
  6 two-headed ogres
  A tengu warrior (D:13)
  8 death yaks
  A deep troll earth mage (D:11)
  4 naga warriors (Snake:2)
  4 shock serpents
  4 orc high priests
  13 naga sharpshooters
  20 deep elf knights
  2 salamander mystics
  Amaemon (D:8)
  A skeletal warrior (D:11)
  2 naga ritualists (Snake:2)
  13 deep elf archers
  A lindwurm (Lair:5)
  28 deep elf pyromancers
  A wizard (D:11)
  34 deep elf zephyrmancers
  4 ugly things
  7 mana vipers
  10 orc sorcerers
  6 cyclopes
  6 manticores
  10 salamanders
  Maurice (D:11)
  3 elephants
  18 black mambas
  5 naga magi
  2 ice statues (IceCv)
  2 guardian serpents (Snake:2)
  Joseph (D:7)
  An orange demon (D:8)
  An unseen horror (D:12)
  5 cane toads
  6 rime drakes
  5 torpor snails
  A freezing wraith (D:11)
  2 ice devils (D:12)
  3 kobold demonologists (D:9)
  An efreet (D:10)
  The ghost of TET the Ruffian, an amateur TrFi (D:4)
  5 komodo dragons
  A tengu conjurer (D:11)
  6 tyrant leeches
  10 trolls
  A polar bear (Lair:4)
  8 hornets
  13 blink frogs
  6 dream sheep (Lair:4)
  10 slime creatures
  Sigmund (D:3)
  A vampire (D:9)
  A shadow (D:11)
  4 wraiths
  2 air elementals
  7 humans (D:13)
  4 water elementals
  5 wyverns
  39 yaks
  3 basilisks
  Grum (D:8)
  A steam dragon (D:7)
  3 fire elementals
  7 vampire mosquitoes
  A basilisk (shapeshifter) (D:11)
  Menkaure (D:4)
  A swamp worm (Lair:3)
  2 wargs (Orc:2)
  18 nagas
  4 acid dragons
  14 water moccasins
  A sky beast (D:8)
  33 orc warriors
  An ice beast (shapeshifter) (D:14)
  An ice beast (D:6)
  A black bear (D:6)
  3 boggarts (D:14)
  6 ogres
  10 wolves
  2 centaurs
  3 phantoms (D:5)
  6 kobold brigands
  8 bullfrogs
  2 water moccasin zombies (D:5)
  7 earth elementals
  13 wights
  A wyvern zombie (D:5)
  4 lindwurm simulacra (IceCv)
  9 killer bees
  6 electric eels
  A bullfrog zombie (D:5)
  5 hounds
  6 komodo dragon simulacra (IceCv)
  Crazy Yiuf (D:7)
  30 orc priests
  2 centaur skeletons (D:5)
  A gnoll bouda (D:6)
  A jelly (D:6)
  3 sleepcaps
  3 iguanas
  42 orc wizards
  Robin (D:3)
  5 gnolls (D:6)
  A howler monkey skeleton (D:5)
  11 adders
  A river rat (D:4)
  4 acid dragon simulacra (IceCv)
  A shadow imp (D:5)
  4 white imps
  An ufetubus (D:6)
  7 steam dragon simulacra (IceCv)
  A dart slug (D:5)
  70 orcs
  10 ball pythons
  7 endoplasms
  2 giant cockroaches (D:3)
  17 goblins
  10 hobgoblins
  26 kobolds
  2 quokkas
  7 bats
  4 frilled lizards
  8 rats
  2 butterflies (Lair:4)
  A lurking horror (Lair:1)
917 creatures vanquished.

Vanquished Creatures (others)
  An orc high priest (Orc:2)
  A deep elf pyromancer (Elf:2)
  A water elemental (Elf:3)
  An orc (Orc:2)
4 creatures vanquished.

Grand Total: 921 creatures vanquished

Notes
Turn   | Place    | Note
-------+----------+-------------------------------------------
     0 | D:1      | Peloso the Minotaur Fighter began the quest for the Orb.
     0 | D:1      | Reached XP level 1. HP: 19/19 MP: 0/0
    98 | D:1      | Reached XP level 2. HP: 27/27 MP: 1/1
   544 | D:1      | Gained mutation: You are partially covered in large bone
                  | plates. (SH +4) [potion of mutation]
   544 | D:1      | Gained mutation: Your system is resistant to poisons.
                  | (rPois) [potion of mutation]
   544 | D:1      | Gained mutation: You are strong-willed. (Will+) [potion of
                  | mutation]
   619 | D:2      | Reached skill level 4 in Shields
   619 | D:2      | Reached XP level 3. HP: 33/33 MP: 2/2
   658 | D:2      | Got the Spellbook of Electrocution
   689 | D:2      | Found an opulent altar of Gozag.
   862 | D:2      | Found a faded altar of an unknown god.
  1411 | D:3      | Reached XP level 4. HP: 40/40 MP: 3/3
  1571 | D:3      | Found a hazy altar of Hepliaklqana.
  1624 | D:3      | Identified the +1 whip "Ricunk" {drain, Drain rN+++ rCorr
                  | Int+3}
  1688 | D:3      | Noticed Robin
  1694 | D:3      | Reached XP level 5. HP: 46/46 MP: 4/4
  1717 | D:3      | Killed Robin
  1793 | D:3      | Noticed Sigmund
  1801 | D:3      | Killed Sigmund
  1802 | D:3      | Reached skill level 5 in Long Blades
  1802 | D:3      | Reached skill level 1 in Dodging
  1802 | D:3      | Reached XP level 6. HP: 45/53 MP: 5/5
  1832 | D:3      | Reached skill level 5 in Armour
  1913 | D:3      | Found a sacrificial altar of Ru.
  2173 | D:3      | Found a burning altar of Makhleb.
  2173 | D:3      | Noticed a cacodemon
  2176 | D:3      | Noticed a hellwing
  2176 | D:3      | Noticed a hellwing
  2373 | D:4      | Found a runed translucent door.
  2374 | D:4      | Noticed TET's ghost (amateur TrFi)
  2387 | D:4      | Reached skill level 1 in Stealth
  2406 | D:4      | Found a runed translucent door.
  2552 | D:4      | Noticed Menkaure
  2577 | D:4      | Killed Menkaure
  2578 | D:4      | Reached skill level 5 in Shields
  2578 | D:4      | Reached XP level 7. HP: 51/60 MP: 6/6
  2626 | D:4      | Found a glowing golden altar of the Shining One.
  3000 | D:5      | Entered Level 5 of the Dungeon
  3297 | D:5      | Reached skill level 5 in Fighting
  3309 | D:5      | Reached XP level 8. HP: 61/68 MP: 7/7
  3833 | D:6      | Reached skill level 6 in Shields
  4063 | D:6      | Reached skill level 10 in Long Blades
  4243 | D:6      | Reached XP level 9. HP: 67/75 MP: 8/8
  4460 | D:6      | Found the ring of the Octopus King
  4468 | D:6      | Identified a ring of the Octopus King {rF+ HP+2 AC+2 EV+2
                  | SH+2}
  4625 | D:7      | Reached skill level 7 in Shields
  4675 | D:7      | Noticed Joseph
  4705 | D:7      | Killed Joseph
  4913 | D:7      | Found an ornate altar of the Wu Jian Council.
  5111 | D:7      | Found a stormy altar of Qazlal.
  5157 | D:7      | Found Leuki's Jewellery Emporium.
  5188 | D:7      | Found a staircase to the Ecumenical Temple.
  5199 | Temple   | Entered the Ecumenical Temple
  5296 | D:7      | Found a hide-covered altar of Uskayaw.
  5299 | D:7      | Found an opulent altar of Gozag.
  5303 | D:7      | Found a blossoming altar of Fedhas.
  5432 | D:7      | Found a runed translucent door.
  5433 | D:7      | Noticed Crazy Yiuf
  5437 | D:7      | Killed Crazy Yiuf
  5521 | D:8      | Noticed Grum
  5554 | D:8      | Killed Grum
  5636 | D:8      | Reached skill level 8 in Shields
  5676 | D:8      | Reached XP level 10. HP: 73/86 MP: 9/9
  5828 | D:8      | Found a staircase to the Lair.
  5985 | D:8      | Noticed an orange demon
  6002 | D:8      | Killed an orange demon
  6018 | D:8      | Noticed Amaemon
  6030 | D:8      | Killed Amaemon
  6031 | D:8      | Reached skill level 9 in Shields
  6281 | D:8      | Found an iron altar of Okawaru.
  6298 | D:8      | Became a worshipper of Warmaster Okawaru
  6492 | D:9      | Found a glowing silver altar of Zin.
  6527 | D:9      | Noticed a cyclops
  6536 | D:9      | Killed a cyclops
  6576 | D:9      | Found a radiant altar of Vehumet.
  6681 | D:9      | Found a staircase to the Orcish Mines.
  6689 | D:9      | Reached * piety under Okawaru
  6900 | D:9      | Identified the +3 ring mail "Fyusihec" {Contam rC+ Will+}
  6945 | D:9      | Noticed a rust devil
  6976 | D:9      | Found a shimmering altar of Xom.
  6986 | D:9      | Noticed a two-headed ogre
  6994 | D:9      | Killed a two-headed ogre
  6994 | D:9      | Reached ** piety under Okawaru
  7105 | D:9      | Reached XP level 11. HP: 85/95 MP: 10/10
  7120 | D:9      | Reached skill level 10 in Shields
  7317 | D:9      | Found a sparkling altar of Nemelex Xobeh.
  7456 | D:10     | Entered Level 10 of the Dungeon
  7617 | D:10     | Reached *** piety under Okawaru
  8073 | D:10     | Noticed a green ugly thing
  8090 | D:10     | Killed a green ugly thing
  8116 | D:10     | Identified the ring of Suicidal Tendencies {Will+ Str+3}
  8116 | D:10     | Noticed a centaur warrior
  8129 | D:10     | Killed a centaur warrior
  8130 | D:10     | Reached skill level 11 in Shields
  8167 | D:10     | Identified the amulet of Lanul Jar {RegenMP rN+ Regen+}
  8167 | D:10     | Noticed an ogre mage
  8169 | D:10     | Noticed a five-headed hydra
  8171 | D:10     | Noticed a boulder beetle
  8175 | D:10     | Paralysed by something for 5 turns
  8503 | D:10     | Killed a boulder beetle
  8504 | D:10     | Reached skill level 10 in Armour
  8601 | D:10     | Killed an ogre mage
  8601 | D:10     | Reached **** piety under Okawaru
  8760 | D:10     | Identified the ring of Liberalism {Wiz rC+ SInv}
  8773 | D:10     | Identified the ring of Isoinuv {Fire Fly rPois Dex-5}
  8815 | D:10     | Killed a two-headed hydra
  9025 | D:11     | Found Ofuiqoish's General Store.
  9126 | D:11     | Bought a scroll of identify for 28 gold pieces
  9126 | D:11     | Bought a scroll of identify for 28 gold pieces
  9126 | D:11     | Bought a scroll of noise for 14 gold pieces
  9126 | D:11     | Bought a scroll of teleportation for 42 gold pieces
  9212 | D:11     | Noticed Gastronok
  9229 | D:11     | Killed Gastronok
  9293 | D:11     | Reached ***** piety under Okawaru
  9316 | D:11     | Reached skill level 10 in Fighting
  9320 | D:11     | Noticed Maurice
  9348 | D:11     | Killed Maurice
  9376 | D:11     | Reached XP level 12. HP: 91/106 MP: 11/11
  9385 | D:11     | Noticed a deep troll earth mage
  9392 | D:11     | Noticed a boulder beetle
  9419 | D:11     | Killed a boulder beetle
  9422 | D:11     | Reached skill level 12 in Shields
  9429 | D:11     | Reached skill level 15 in Long Blades
  9435 | D:11     | Killed a deep troll earth mage
  9436 | D:11     | Reached skill level 1 in Invocations
  9438 | D:11     | Identified the amulet "Yduiheza" {rF+ Will+ Regen+ Slay+4}
  9761 | D:11     | Found Ytohair's Weapon Shop.
  9882 | Lair:1   | Entered Level 1 of the Lair of Beasts
 10061 | Lair:1   | Noticed Erica
 10071 | Lair:1   | Killed Erica
 10091 | Lair:1   | Reached ****** piety under Okawaru
 10206 | Lair:1   | Received a gift from Okawaru
 10321 | Lair:1   | Found a corrupted altar of Lugonu.
 10322 | Lair:1   | Found a one-way gate to the infinite horrors of the Abyss.
 10388 | Lair:1   | You fall into a shaft and drop 1 floor!
 10413 | Lair:2   | Reached skill level 13 in Shields
 10431 | Lair:2   | Received a gift from Okawaru
 10543 | Lair:2   | Found a staircase to the Snake Pit.
 11412 | Lair:3   | Reached XP level 13. HP: 117/117 MP: 12/12
 11593 | Lair:3   | Reached skill level 14 in Shields
 11652 | Lair:3   | Noticed Josephine
 11663 | Lair:3   | Killed Josephine
 11847 | Lair:3   | Found a staircase to the Swamp.
 12523 | D:12     | Found a frozen archway.
 12548 | IceCv    | Entered an ice cave
 12681 | IceCv    | Received a gift from Okawaru
 12913 | IceCv    | Reached skill level 15 in Shields
 12933 | IceCv    | Identified the ring of Isod {Wiz Fly}
 13433 | D:10     | Found a basalt altar of Yredelemnul.
 13575 | D:12     | Found a shadowy altar of Dithmenos.
 13675 | D:12     | Found a runed translucent gate.
 13675 | D:12     | Found a runed translucent gate.
 13675 | D:12     | Found a runed translucent gate.
 13675 | D:12     | Noticed an acid blob
 13675 | D:12     | Noticed an azure jelly
 13679 | D:12     | Noticed an acid blob
 13680 | D:12     | Noticed an azure jelly
 13680 | D:12     | Noticed an acid blob
 13680 | D:12     | Noticed an acid blob
 13680 | D:12     | Noticed tykejmi's ghost (journeyman SpBr)
 13680 | D:12     | Noticed an acid blob
 13680 | D:12     | Noticed an azure jelly
 13680 | D:12     | Noticed an acid blob
 13681 | D:12     | Noticed a rockslime
 13681 | D:12     | Noticed an acid blob
 13682 | D:12     | Found a viscous altar of Jiyva.
 13906 | D:13     | Identified the +0 pair of gloves "Luowots" {Harm rElec
                  | Str-3} (Okawaru gifted it to you on level 13 of the
                  | Dungeon)
 13906 | D:13     | Received a gift from Okawaru
 14237 | D:13     | Noticed Rupert
 14256 | D:13     | Killed Rupert
 14257 | D:13     | Reached XP level 14. HP: 104/129 MP: 13/13
 14480 | D:13     | Found a stormy altar of Qazlal.
 14615 | D:13     | Reached skill level 16 in Shields
 14786 | D:13     | Found a gate to the Vaults.
 15051 | D:14     | Found a sparkling altar of Nemelex Xobeh.
 15255 | D:14     | Found a portal to a secret trove of treasure.
 15600 | Lair:4   | Identified the +1 robe of the Nine Forging Scars {Drain
                  | rElec rC+++ Dex+4}
 15664 | Lair:4   | Identified the +2 pair of gloves of Fun and Games {Dex+2
                  | Stlth+} (Okawaru gifted it to you on level 4 of the Lair of
                  | Beasts)
 15664 | Lair:4   | Received a gift from Okawaru
 15996 | Lair:4   | Reached skill level 17 in Shields
 16343 | Lair:5   | Entered Level 5 of the Lair of Beasts
 16538 | Lair:4   | HP: 2/134 [seven-headed hydra (12)]
 17103 | Lair:5   | Found a viscous altar of Jiyva.
 17103 | Lair:5   | Found a staircase to the Slime Pits.
 17115 | Lair:5   | Reached skill level 18 in Shields
 17401 | Lair:5   | Reached XP level 15. HP: 139/139 MP: 14/14
 17459 | Lair:5   | Found a runed translucent door.
 17961 | Lair:5   | Identified the +8 demon blade "Cixept" {elec, rF++ Str-4
                  | Dex+2} (Okawaru gifted it to you on level 5 of the Lair of
                  | Beasts)
 17961 | Lair:5   | Received a gift from Okawaru
 18802 | Orc:1    | Entered Level 1 of the Orcish Mines
 19035 | Orc:1    | Found Atiunnus's General Store.
 19042 | Orc:1    | Bought a scroll of identify for 32 gold pieces
 19042 | Orc:1    | Identified a scroll of acquirement
 19087 | Orc:1    | Found a transporter.
 19092 | Orc:1    | Noticed Vionku's ghost (journeyman FeTm)
 19200 | Orc:1    | Found a transporter.
 19529 | Orc:2    | Entered Level 2 of the Orcish Mines
 20004 | Orc:2    | Found Jionkarch's Armour Shop.
 20004 | Orc:2    | Found Foilulux's Assorted Antiques.
 20008 | Orc:2    | Found Jyluezxo's Jewellery Boutique.
 20010 | Orc:2    | Found Ruin's General Store.
 20013 | Orc:2    | Bought a scroll of identify for 34 gold pieces
 20016 | Orc:2    | Bought a scroll of magic mapping for 225 gold pieces
 20050 | Orc:2    | Found a staircase to the Elven Halls.
 20072 | Orc:2    | Reached skill level 19 in Shields
 20843 | D:4      | Killed TET's ghost
 21168 | Snake:1  | Entered Level 1 of the Snake Pit
 21220 | Snake:1  | Reached skill level 15 in Fighting
 21340 | Snake:1  | Received a gift from Okawaru
 22090 | Snake:2  | Identified the +10 scimitar of Citzatar {holy, rPois Int+3
                  | Dex+2}
 22175 | Snake:2  | Reached skill level 20 in Shields
 22400 | Snake:2  | Received a gift from Okawaru
 22430 | Snake:2  | Reached XP level 16. HP: 149/149 MP: 5/15
 22520 | Snake:2  | Noticed Vashnia
 22605 | Snake:2  | Killed Vashnia
 23069 | Elf:1    | Entered Level 1 of the Elven Halls
 23074 | Elf:1    | You fall into a shaft and drop 1 floor!
 23103 | Elf:2    | Received a gift from Okawaru
 23110 | Elf:2    | Reached skill level 21 in Shields
 23264 | Elf:2    | Reached skill level 15 in Armour
 23288 | Elf:2    | Noticed a deep elf blademaster
 23300 | Elf:2    | Killed a deep elf blademaster
 23335 | Elf:2    | Found a runed translucent gate.
 23335 | Elf:2    | Found a runed translucent gate.
 23335 | Elf:2    | Found a runed translucent gate.
 23638 | Elf:2    | Received a gift from Okawaru
 24058 | Elf:2    | Received a gift from Okawaru
 24106 | Elf:2    | Reached skill level 22 in Shields
 24151 | Elf:2    | Got the Catalogue of Concussion
 24204 | Elf:2    | Found Loedeaga's Assorted Antiques.
 24332 | Elf:2    | Paralysed by an air elemental for 1 turns
 24445 | Elf:2    | Reached XP level 17. HP: 99/160 MP: 17/17
 24512 | Elf:2    | Received a gift from Okawaru
 26172 | Elf:3    | Entered Level 3 of the Elven Halls
 26191 | Elf:2    | Identified the +0 cloak of Hospitality {rPois Will+ Int+3}
                  | (Okawaru gifted it to you on level 2 of the Elven Halls)
 26191 | Elf:2    | Received a gift from Okawaru
 26295 | Elf:3    | Reached skill level 23 in Shields
 26332 | Elf:3    | Found Ikoaggol's Jewellery Boutique.
 26445 | Elf:3    | Found Koatouhou's Jewellery Shoppe.
 26446 | Elf:3    | Found Cuatinut's Book Shop.
 26447 | Elf:3    | Found Zytep's Jewellery Shoppe.
 26598 | Elf:3    | Noticed a deep elf blademaster
 26619 | Elf:3    | Killed a deep elf blademaster
 27039 | Elf:3    | Paralysed by an air elemental for 1 turns
 27039 | Elf:3    | Noticed a deep elf master archer
 27039 | Elf:3    | Noticed a deep elf master archer
 27044 | Elf:3    | Paralysed by an air elemental for 1 turns
 27048 | Elf:3    | Paralysed by an air elemental for 1 turns
 27056 | Elf:3    | Killed a deep elf master archer
 27194 | Elf:3    | Killed a deep elf master archer
 27223 | Elf:3    | Noticed a deep elf master archer
 27237 | Elf:3    | Killed a deep elf master archer
 27243 | Elf:3    | Noticed a deep elf blademaster
 27257 | Elf:3    | Killed a deep elf blademaster
 27274 | Elf:3    | Killed from afar by a deep elf sorcerer

Illustrated notes

Levels and vault maps discovered:
D:1:      ncdulo_lavacross, layout_rooms
D:2:      layout_basic, shapermc_ecumenical_altar_mp_vishouse, basic_altar,
          dreamdust_princess_bridge, minmay_small_reverse_x
D:3:      layout_loops_ring, lemuel_tele_altar, nicolae_ru_path_of_blood,
          makhleb_altar_promises_db, minmay_fractal_squares_gapless_5,
          uniq_sigmund, uniq_robin
D:4:      layout_basic, kennysheep_little_box, ebering_ghost_sewer_f,
          uniq_menkaure
D:5:      layout_basic, serial_undead, serial_undead_c, serial_undead_a,
          serial_undead_a, serial_undead_c
D:6:      layout_rooms, grunt_ministairs_11, nicolae_nh_ransacked_shop
D:7:      layout_cave_pools, amcnicky_altar_gilded,
          mainiacjoe_overflow_surrounded_room,
          gammafunk_temple_overflow_forgotten, minmay_temple_entry_trees,
          serial_shops, nicolae_shop_peninsula, uniq_joseph,
          uniq_crazy_yiuf_cottage
D:8:      layout_basic, kennysheep_okawaru_gauntlet, dpeg_oklobed_lair,
          uniq_grum, uniq_amaemon
D:9:      layout_big_octagon, vehumet_altar_wand_db,
          mainiacjoe_overflow_small_starburst,
          mainiacjoe_overflow_catch_the_wave, david_orc_3
D:10:     minmay_the_grid_triangle_9x9_rhombus_thin_mashed
          [minmay_the_grid_triangle_9x9_corrupted_corridor,
          minmay_the_grid_triangle_9x9_prize_special,
          minmay_the_grid_triangle_9x9_odd_lines,
          minmay_the_grid_triangle_9x9_swiss_cheese], layout_long_grid,
          nicolae_overflow_hidden_temple, minivault_5, hangedman_decor_opposing
D:11:     layout_roguey, serial_shops, nicolae_shop_bloodbath_and_beyond,
          nicolae_shop_stone, onia_ninara_dug_in_and_dangerous, uniq_gastronok,
          uniq_maurice
D:12:     layout_rooms, portal_ice_cave_demonic_guard, gammafunk_ghost_ooze,
          nicolae_dithmenos_through_a_glass_darkly
D:13:     nicolae_cairo_tiling_very_big, layout_cave_pods,
          ximxim_vaults_locker_room, nicolae_qazlal_eye_of_the_storm,
          uniq_rupert
D:14:     layout_roguey, enter_trove_5, eino_curves_04,
          nemelex_spade_bored_becter
Temple:   nicolae_temple_great_sept
Lair:1:   layout_chaotic_city, amcnicky_altar_lugonu_corruption,
          grunt_megastairs_1, uniq_erica
Lair:2:   layout_long_grid, minmay_snake_entry_guardpost_small
Lair:3:   layout_chaotic_city, palyth_hydra_swamp_entry, uniq_josephine
Lair:4:   layout_small_grid, infiniplex_staircase_pool, lemuel_fruit_fields
Lair:5:   wormcave, layout_gridlike, minmay_slime_entry_pillars
Snake:1:  layout_basic, nicolae_integral_box
Snake:2:  layout_onion_interference, drop_trap, uniq_vashnia
Orc:1:    layout_diamond_mine, serial_shops, nicolae_shop_back_alley_shop,
          gammafunk_ghost_stat_death, minmay_orc_keep
Orc:2:    st_orc_mages, layout_caves
Elf:1:    nicolae_elf_arrival_no_cutting_in_line, layout_onion_city,
          minmay_elf_demonology
Elf:2:    elven_hall_of_blades_hangedman_original [nooodl_blade_entry_preview],
          layout_loops_corners, serial_shops, nicolae_shop_behind_doors,
          minmay_elf_annihilation
Elf:3:    minmay_elf_hall, layout_gridlike, serial_shops,
          nicolae_shop_tiny_waterfront, minmay_misc_feat_cross,
          minmay_shop_grove

Skill      XL: |  1  2  3  4  5  6  7  8  9 10 11 12 13 14 15 16 17 |
---------------+----------------------------------------------------+-----
Armour         | 4 5 6 7 9 10 11 13 14 15 16 | 16.2
Long Blades    | 3 4 5 6 7 10 12 13 14 15 16 17 18 19 | 19.7
Shields        | 4 5 6 8 9 11 13 15 18 20 22 23 | 23.7
Fighting       | 4 5 7 8 10 11 13 14 15 16 17 | 17.6
Dodging        | 1 2 3 4 |  4.2
Stealth        | 1 |  1.7
Invocations    | 1 |  1.3
Evocations     | |  0.8

Action                     |  1- 3 |  4- 6 |  7- 9 | 10-12 | 13-15 | 16-18 || total
---------------------------+-------+-------+-------+-------+-------+-------++-------
  Melee: Long sword        |    89 |   114 |   369 |   284 |     4 |       ||   860
         Headbutt          |     9 |    20 |    74 |   149 |   366 |   167 ||   785
         Scimitar          |       |       |       |   350 |   859 |       ||  1209
         Demon blade       |       |       |       |       |   511 |   685 ||  1196
 Invoke: Heroism           |       |       |       |     5 |     2 |     4 ||    11
  Evoke: Wand              |       |       |       |     5 |       |       ||     5
    Use: Potion            |     3 |       |     4 |     2 |     7 |     2 ||    18
         Scroll            |       |       |     5 |     6 |    15 |     2 ||    28
 Armour: Scale mail        |    48 |     9 |       |       |       |       ||    57
         Chain mail        |       |    34 |   108 |    39 |       |       ||   181
         Plate armour      |       |       |    43 |   247 |   112 |       ||   402
         Crystal plate arm |       |       |       |       |   551 |   171 ||   722
  Dodge: Dodged            |    56 |    32 |   112 |   157 |   243 |    61 ||   661
  Block: Buckler           |    37 |    58 |   169 |   340 |       |       ||   604
         Kite shield       |       |       |       |    70 |  1543 |    73 ||  1686
         Tower shield      |       |       |       |       |       |   683 ||   683
         Reflection        |       |       |       |       |       |   104 ||   104
         Other             |       |       |       |       |       |     1 ||     1
